 Dungeon Crawl Stone Soup version 0.29-a0-284-gf9362112df (webtiles) character file.

Game seed: 5283424363627170438

214 spaghetti the Skirmisher (level 5, -2/57 HPs)
             Began as an Ogre Gladiator on Mar 25, 2022.
             Killed from afar by Sigmund (9 damage)
             ... with a magic dart
             ... on level 3 of the Dungeon.
             The game lasted 00:05:51 (3747 turns).

spaghetti the Skirmisher (Ogre Gladiator)           Turns: 3747, Time: 00:05:52

Health: -2/57      AC:  3    Str: 16 (18) XL:     5   Next: 91%
Magic:  5/5        EV: 10    Int:  7 (9)  God:
Gold:   119        SH:  5    Dex: 11 (12) Spells: 4/4 levels left

rFire   . . .      SeeInvis .   n - +0 whip (distort) {!wmace}
rCold   . . .      Faith    .   (no shield)
rNeg    . . .      Spirit   .   a - +0 robe
rPois   .          Reflect  +   b - +0 hat
rElec   .          Harm     .   (no cloak)
rCorr   .          Rampage  .   (gloves unavailable)
Will    .....                   (boots unavailable)
Stlth   +.........              e - amulet of reflection
HPRegen 0.19/turn               (no ring)
MPRegen 0.09/turn               (no ring)

@: no status effects
A: large, unfitting armour, tough skin 1
a: no special abilities


You were on level 3 of the Dungeon.
You visited 1 branch of the dungeon, and saw 3 of its levels.

You collected 119 gold pieces.


Innate Abilities, Weirdness & Mutations

You are too large for most types of armour.
You have tough skin. (AC +1)


   Skills:
 * Level 5.2 Fighting
 + Level 3.2 Throwing
 + Level 3.4 Dodging
 - Level 3.5 Unarmed Combat


You had 4 spell levels left.
You didn't know any spells.
Your spell library contained the following spells:

 Spells                   Type           Power      Damage    Failure   Level
 Slow                     Hex            0%         N/A       43%         1
 Confusing Touch          Hex            0%         N/A       80%         3
 Dazzling Flash           Conj/Hex       0%         N/A       80%         3
 Vampiric Draining        Necr           0%         2d6       80%         3
 Agony                    Necr           0%         N/A       100%        5
 Silence                  Hex/Air        0%         N/A       100%        5

Inventory:

Hand Weapons
 f - a +0 club {mace}
   (You found it on level 1 of the Dungeon)
 n - a +0 whip of distortion (weapon) {!wmace}
   (You took it off a gnoll on level 2 of the Dungeon)
Missiles
 c - a throwing net {=f!fthrowing}
 h - 60 stones (quivered) {throwing}
Armour
 a - a +0 robe (worn)
 b - a +0 hat (worn)
Jewellery
 e - an amulet of reflection (around neck)
   (You found it on level 1 of the Dungeon)
Wands
 t - a wand of digging (2)
   (You took it off Natasha on level 2 of the Dungeon)
Scrolls
 i - a scroll of fog
 j - a scroll of fear
 o - 2 scrolls of enchant armour
 p - a scroll of magic mapping {!r}
 q - a scroll of holy word
 r - a scroll of vulnerability {unknown}
 s - a scroll of identify {@r1}
Potions
 g - a potion of attraction {!q}
 m - 3 potions of degeneration {!q@e2}

Dungeon Overview and Level Annotations

Branches:
Dungeon (3/15)

Altars:
Gozag

Shops:
D:1 [

Annotations:
D:3 3 runed translucent doors, Darius099's ghost, amateur GrFi; Sigmund

############.......#####
#......................##
#.#####.###..####..##...### #.#
#.# #<.# #.....#...# #.# #.# #..#
##.##...### #.# #.# #..###
#.###.#### #.# #.# #{...#
#§###....# #.# #.# #.##.#
#.§#######§ #.# #.# #@##.#
#.§§§.§§§§§ #.# #.# #.##.#
#§§§§§§.§§§ ####.#
#.###S##.###.§§§§§§§§.
###....#####...oS........#######.
..............##r.......##...#
.##.#########.##.##.#######..#
.##.# #.##.##.### #..# .##.#
#.........#####..# ....#
####.............####


You could see a friendly adder (summoned), a friendly orc (summoned), a friendly
ball python (summoned) and a friendly rat (summoned).


Message History

You see here a +0 whip of freezing {mace}. 😕 HP[+1]
You hear some strange, mumbled words.
You are confused.
It was a potion of degeneration.
There was something very wrong with that liquid.
You feel weakened.
You feel dopey.
You feel clumsy.
It was a potion of attraction.
You feel attractive to monsters. Something hits you!
Something is attracted toward you. 😮 HP[-12]
You take 12 damage, and now have 31/57 hp.
MASSIVE DAMAGE!! (PAUSE) It was a potion of cancellation.
Your magical effects are unravelling.
You feel magically purged.
You feel less confused.
You hear some strange, mumbled words.
A puff of flame appears from out of thin air!
The puff of flame hits you!
* * * LOW HITPOINT WARNING * * *
You feel less attractive to monsters. 😨 HP[-8]
You take 8 damage, and now have 23/57 hp.
Unknown command.
You hit something.
Space warps around something.
Something hits you.
* * * LOW HITPOINT WARNING * * *
😨 HP[-5]
You take 5 damage, and now have 18/57 hp.
You miss something. You block something's attack.
You miss something. You closely miss something. Something hits you.
* * * LOW HITPOINT WARNING * * *
😨 HP[-2]
You take 2 damage, and now have 16/57 hp.
You closely miss something. Something hits you.
* * * LOW HITPOINT WARNING * * *
😱 HP[-5]
You take 5 damage, and now have 11/57 hp.
You feel better. 😨 HP[+9]
You regained 9 hp, and now have 20/57 hp.
Throw: 2 throwing nets {=f!fthrowing}
Press: ? - help, Shift-Dir - straight line You throw a throwing net {=f!fthrowing}.
You hear some strange, mumbled words.
A puff of flame appears from out of thin air!
The puff of flame hits you.
* * * LOW HITPOINT WARNING * * *
😨 HP[-2]
You take 2 damage, and now have 18/57 hp.
Throw: throwing net {=f!fthrowing}
Press: ? - help, Shift-Dir - straight line You throw a throwing net {=f!fthrowing}.
Something hits you!
* * * LOW HITPOINT WARNING * * *
😱 HP[-8]
You take 8 damage, and now have 10/57 hp.
You hit something.
You hear some strange, mumbled words.
A puff of flame appears from out of thin air!
The puff of flame hits you.
* * * LOW HITPOINT WARNING * * *
😱 HP[-6]
You take 6 damage, and now have 4/57 hp.
Okay, then.
You can't see any enemies this would affect, really read the scroll of fear?
As you read the scroll of fear, it crumbles to dust.
You assume a fearsome visage.
As you read the scroll of summoning, it crumbles to dust.
Wisps of shadow whirl around you... 😱 HP[+1]
You swap places.
You see here a +0 whip of freezing {mace}.
Sigmund appears from thin air!
Reactivating autopickup.
Sigmund gestures wildly while chanting.
Sigmund flickers and vanishes!
Deactivating autopickup; reactivate with Ctrl-A. 😱 HP[+1]
You see here 2 throwing nets {=f!fthrowing}.
c - 2 throwing nets {=f!fthrowing} 😱 HP[+1]
Okay, then.
Okay, then.
You don't have any such object.
Fire/throw which item? ([*] to toggle full inventory view, [\] to toss any item) (? for menu, Esc to quit)
You don't have any such object.
Fire/throw which item? ([*] to toggle full inventory view, [\] to toss any item) (? for menu, Esc to quit)
You don't have any such object.
Fire/throw which item? ([*] to toggle full inventory view, [\] to toss any item) (? for menu, Esc to quit)
Okay, then.
Throw: 2 throwing nets {=f!fthrowing}
Press: ? - help, Shift-Dir - straight line You throw a throwing net {=f!fthrowing}.
Something gets caught in the net!
Something wriggles in the net.
A magic dart appears from out of thin air!
The magic dart hits you!
You die...

Skill      XL: |  1  2  3  4  5 |
---------------+----------------+-----
Unarmed Combat | 3 |  3.5
Fighting       | 3 4 5 |  5.2
Dodging        | 3 |  3.4
Throwing       | 3 |  3.2

Action                   |  1- 3 |  4- 6 || total
-------------------------+-------+-------++-------
Melee: Unarmed           |   121 |     6 ||   127
       Whip              |       |   105 ||   105
       Punch             |       |     4 ||     4
Throw: Throwing net      |     4 |     5 ||     9
       Large rock        |     2 |     1 ||     3
       Stone             |       |    12 ||    12
  Use: Potion            |     1 |     4 ||     5
       Scroll            |       |    10 ||    10
 Stab: Sleeping          |     3 |       ||     3
Armor: Robe              |    51 |    19 ||    70
Dodge: Dodged            |    70 |    33 ||   103
Block: Other             |    18 |    20 ||    38

Levels and vault maps discovered:
D:1:      roderic_crossed_star, layout_basic, serial_shops, shop_statue
D:2:      layout_basic, grunt_ministairs_14, kennysheep_cluttered_room,
          uniq_natasha
D:3:      layout_loops_ring, beargit_hepliaklqana_dungeon_heroes,
          ebering_ghost_gozag, dreamdust_ecumenical_altar_angels_and_demons,
          kennysheep_nondescript, uniq_sigmund

Notes
Turn   | Place    | Note
-------+----------+-------------------------------------------
     0 | D:1      | spaghetti the Ogre Gladiator began the quest for the Orb.
     0 | D:1      | Reached XP level 1. HP: 22/22 MP: 1/1
     0 | D:1      | magus.rc [v1.9.6]
   225 | D:1      | Reached skill level 3 in Unarmed Combat
   227 | D:1      | HP: 4/22 [jackal (2)]
   229 | D:1      | Reached skill level 3 in Fighting
   229 | D:1      | Reached XP level 2. HP: 7/31 MP: 2/2
   592 | D:1      | Found Hitugierr's Antique Armour Boutique.
   932 | D:1      | Reached XP level 3. HP: 22/37 MP: 3/3
  1263 | D:1      | You pick up a book of Debilitation and begin reading...
  1263 | D:1      | You add the spells Slow, Vampiric Draining and Confusing
                  | Touch to your library.
  1627 | D:2      | Reached XP level 4. HP: 18/48 MP: 4/4
  1629 | D:2      | HP: 12/48 [gnoll/+0 club (4)]
  1633 | D:2      | Reached skill level 3 in Dodging
  2006 | D:2      | Reached skill level 4 in Fighting
  2024 | D:2      | Noticed Natasha
  2028 | D:2      | Killed Natasha
  2180 | D:2      | Reached XP level 5. HP: 42/55 MP: 5/5
  2511 | D:2      | Noticed Natasha
  2525 | D:2      | Killed Natasha
  2526 | D:2      | Reached skill level 3 in Throwing
  2585 | D:2      | You pick up a book of the Senses and begin reading...
  2585 | D:2      | You add the spells Dazzling Flash, Agony and Silence to
                  | your library.
  2924 | D:2      | Noticed Natasha
  2930 | D:2      | Killed Natasha
  2931 | D:2      | Reached skill level 5 in Fighting
  3608 | D:3      | Found a runed translucent gate.
  3608 | D:3      | Found a runed translucent gate.
  3608 | D:3      | Found a runed translucent gate.
  3609 | D:3      | Found an opulent altar of Gozag.
  3610 | D:3      | Noticed Darius099's ghost (amateur GrFi)
  3703 | D:3      | Noticed Sigmund
  3728 | D:3      | HP: 11/57 [something (5)]
  3732 | D:3      | HP: 4/57 [something/puff of flame (6)]
  3747 | D:3      | Killed from afar by Sigmund

Vanquished Creatures
  Natasha (thrice) (D:2)
  2 adders (D:2)
  4 gnolls (D:2)
  2 worms
  5 orcs
  6 ball pythons (D:1)
  5 endoplasms
  2 giant cockroaches
  9 goblins
  5 hobgoblins
  7 jackals
  4 quokkas
  8 bats
  2 frilled lizards
  4 kobolds
  5 rats
73 creatures vanquished.

Table legend:
 A = Non-vault XP
 B = Vault XP
 C = Vault XP percentage of total XP
 D = Non-vault monster count
 E = Vault monster count
 F = Vault count percentage of total count
                 A         B        C        D         E       F
            +---------+---------+-------+---------+---------+-------
      Total |     270 |      36 |  11.8 |      71 |       3 |   4.1
            +---------+---------+-------+---------+---------+-------
        D:1 |      49 |       0 |   0.0 |      31 |       0 |   0.0
        D:2 |     178 |      36 |  16.8 |      20 |       3 |  13.0
        D:3 |      43 |       0 |   0.0 |      20 |       0 |   0.0
            +---------+---------+-------+---------+---------+-------

Illustrated notes

Table legend:
 A = Kills in this place as a percentage of kills in entire the game.
 B = Kills by you in this place as a percentage of kills by you in the entire game.
 C = Kills by friends in this place as a percentage of kills by friends in the entire game.
 D = Other kills in this place as a percentage of other kills in the entire game.
 E = Experience gained in this place as a percentage of experience gained in the entire game.
 F = Experience gained in this place divided by the number of levels of this place that you have seen.
                   A       B       C       D       E      F
               +-------+-------+-------+-------+-------+----------------------
         Total | 100.0 | 100.0 |   N/A | 100.0 | 100.0 | 102.0
       Dungeon | 100.0 | 100.0 |   N/A | 100.0 | 100.0 | 102.0
               +-------+-------+-------+-------+-------+----------------------

Table legend: (Time is in decaauts)
 A = Elapsed time spent in this place.
 B = Non-inter-level travel time spent in this place.
 C = Inter-level travel time spent in this place.
 D = Time resting spent in this place.
 E = Time spent auto-exploring this place.
 F = Levels seen in this place.
 G = Mean time per level.
                   A        B        C        D        E       F      G
               +--------+--------+--------+--------+--------+-----+--------+
         Total |   3749 |   3690 |     59 |    540 |   2615 |   3 | 1249.7 |
       Dungeon |   3749 |   3690 |     59 |    540 |   2615 |   3 | 1249.7 |
               +--------+--------+--------+--------+--------+-----+--------+

Top non-repeatable levels by time:
     D:2: 1571 daAuts
     D:1: 1496 daAuts
     D:3: 682 daAuts
